 Dungeon Crawl Stone Soup version 0.30-a0-845-g7c6808c8ce (webtiles) character file.

Game seed: 9329254785421028019

234 sasquatch the Magician (level 6, -9/46 HPs)
             Began as a Djinni Hedge Wizard on Mar 3, 2023.
             Killed from afar by a white imp (10 damage)
             ... with a puff of frost
             ... on level 5 of the Dungeon.
             The game lasted 00:06:08 (3338 turns).

sasquatch the Magician (Djinni Hedge Wizard)        Turns: 3338, Time: 00:06:08

Health: -9/46      AC:  3    Str:  9    XL:     6   Next: 26%
Gold:   174        EV: 12    Int: 18    God:
                   SH:  0    Dex: 12

rFire   + + .      SeeInvis .    v - +1 whip (elec)
rCold   x . .      Faith    .    (no shield)
rNeg    . . .      Spirit   .    b - +0 robe
rPois   ∞          Reflect  .    e - +0 helmet
rElec   .          Rampage  .    (no cloak)
rCorr   +                        (no gloves)
Will    .....                    (boots unavailable)
Stlth   ++                       (no amulet)
HPRegen 0.27/turn                p - ring of resist corrosion
MPRegen 0.00/turn                (no ring)

@: flying
A: sickness immunity, fire resistance 2, cold vulnerability 1, float, innate
caster, HP casting, extra vitality 1
a: no special abilities


You were on level 5 of the Dungeon.
You visited 1 branch of the dungeon, and saw 5 of its levels.

You collected 174 gold pieces.

Inventory:

Hand Weapons
 v - a +1 whip of electrocution (weapon)
Missiles
 d - 10 poisoned darts
Armour
 b - a +0 robe (worn)
 e - a +0 helmet (worn)
Jewellery
 p - a ring of resist corrosion (left hand)
Scrolls
 a - a scroll of teleportation {unknown}
 g - 2 scrolls of noise {unknown}
 h - 3 scrolls of identify {unknown}
 i - a scroll of blinking {unknown}
 l - a scroll of fog {unknown}
 m - a scroll of amnesia {unknown}
 s - a scroll of torment {unknown}
 u - a scroll of brand weapon {unknown}
Potions
 c - a potion of ambrosia {unknown}
 f - a potion of resistance {unknown}
 j - 2 potions of lignification {unknown}
 k - a potion of attraction {unknown}
 n - a potion of flight {unknown}
 o - 2 potions of curing {unknown}
 q - a potion of mutation {unknown}
 r - a potion of berserk rage {unknown}


   Skills:
 + Level 3.0 Fighting
 - Level 2.1 Dodging
 - Level 1.5 Stealth
 * Level 4.3 Spellcasting


You knew the following spells:

 Your Spells              Type           Power      Damage    Failure   Level
a - Magic Dart            Conj           76%        1d6       2%          1
b - Slow                  Hex            76%        N/A       2%          1
c - Blink                 Tloc           38%        N/A       3%          2
d - Call Imp              Summ           19%        N/A       3%          2
e - Mephitic Cloud        Conj/Pois/Air  19%        N/A       7%          3
f - Apportation           Tloc           38%        N/A       2%          1
g - Lesser Beckoning      Tloc           38%        N/A       3%          2
Your spell library was empty.

Dungeon Overview and Level Annotations

Branches:
Dungeon (5/15)
 Temple: D:4-7

Altars:
Makhleb


Innate Abilities, Weirdness & Mutations

You are immune to sickness and miasma.
You are immune to poison.
Your flesh is very heat resistant. (rF++)
You are vulnerable to cold. (rC-)
You float through the air rather than walking.
You learn spells naturally, not from books.
Your magical power is your life essence.
You have superior vitality. (+4 MHP)


Message History

Aiming: Magic Dart (safe; 2% risk of failure)
Press: ? - help, Q - select action, (/) - cycle Shift-Dir - straight line, f/p - white imp
Aim: a white imp (lightly wounded, 100% to hit)
The magic dart hits the white imp.
The white imp is moderately wounded.
Aiming: Magic Dart (safe; 2% risk of failure)
Press: ? - help, Q - select action, (/) - cycle Shift-Dir - straight line, f/p - white imp
Aim: a white imp (moderately wounded, 100% to hit)
The magic dart hits the white imp.
The white imp is moderately wounded.
The white imp gestures at you. The puff of frost hits you!
You feel a terrible chill!
Casting: Magic Dart (safe; 2% risk of failure)
Confirm with . or Enter, or press ? or * to list all spells.
A beastly little devil appears in a puff of frigid air.
Aiming: Magic Dart (safe; 2% risk of failure)
Press: ? - help, Q - select action, (/) - cycle Shift-Dir - straight line, f/p - white imp
Aim: a white imp (moderately wounded, ally target, 100% to hit)
The magic dart hits the white imp.
The white imp is heavily wounded.
The white imp gestures at you. The puff of frost hits you!
You feel a terrible chill!
Aiming: Magic Dart (safe; 2% risk of failure)
Press: ? - help, Q - select action, (/) - cycle Shift-Dir - straight line, f/p - white imp
Aim: a white imp (heavily wounded, ally target, 100% to hit)
The magic dart hits the white imp but does no damage.
The white imp is heavily wounded.
The white imp gestures at you. The puff of frost hits you!
You feel a terrible chill!
* * * LOW HITPOINT WARNING * * *
Aiming: Magic Dart (safe; 2% risk of failure)
Press: ? - help, Q - select action, (/) - cycle Shift-Dir - straight line, f/p - white imp
Aim: a white imp (moderately wounded, ally target, 100% to hit)
The magic dart hits the white imp.
The white imp is severely wounded.
* * * LOW HITPOINT WARNING * * *
The white imp shouts, "Decamp, thou tottering folly-fallen clack-dish!"
The white imp gestures at you. The puff of frost hits you!
You feel a terrible chill!
You die...

............
...........
..........#
..........#
..........#
..........#
......W5..#
..$.5..@..+
..........########
..........#.<....#
..........†......#
..........#<.....#
#.........#......#
#.........#......#
#.........##+#####
.........


You could see a phantom, a white imp (ally target) and a friendly white imp
(summoned).

Vanquished Creatures
  2 gnolls (D:4)
  2 adders
  3 dart slugs
  An orc (D:3)
  4 endoplasms
  5 goblins
  5 hobgoblins
  3 jackals (D:2)
  5 kobolds
  4 quokkas
  6 ball pythons
  6 bats
  A rat (D:1)
47 creatures vanquished.

Vanquished Creatures (collateral kills)
  A hound (D:4)
  A sleepcap (D:4)
  2 iguanas
  An adder (D:2)
  A gnoll (D:4)
  2 worms (D:2)
  A bat (D:2)
  A hobgoblin (D:2)
10 creatures vanquished.

Grand Total: 57 creatures vanquished

Notes
Turn   | Place    | Note
-------+----------+-------------------------------------------
     0 | D:1      | sasquatch the Djinni Hedge Wizard began the quest for the
                  | Orb.
     0 | D:1      | sasquatch set off with the following spells memorised:
                  | Magic Dart, Slow, Blink, Call Imp, Mephitic Cloud.
     0 | D:1      | Reached XP level 1. HP: 15/15 MP: 0/0
   399 | D:1      | Reached XP level 2. HP: 19/22 MP: 0/0
   889 | D:2      | Found a burning altar of Makhleb.
   902 | D:2      | Reached skill level 1 in Fighting
  1081 | D:2      | Reached XP level 3. HP: 16/27 MP: 0/0
  1081 | D:2      | Learned a level 1 spell: Apportation
  1085 | D:2      | Reached skill level 3 in Spellcasting
  1240 | D:2      | Reached XP level 4. HP: 21/32 MP: 0/0
  2135 | D:3      | Found a faded altar of an unknown god.
  2220 | D:4      | Reached XP level 5. HP: 17/38 MP: 0/0
  2220 | D:4      | Learned a level 2 spell: Lesser Beckoning
  2583 | D:4      | Found Paifol's Tremendous Tomes.
  2699 | D:4      | Reached skill level 4 in Spellcasting
  2912 | D:4      | Reached XP level 6. HP: 28/45 MP: 0/0
  3250 | D:5      | Entered Level 5 of the Dungeon
  3337 | D:5      | HP: 2/46 [white imp/puff of frost (16)]
  3338 | D:5      | Killed from afar by a white imp

Illustrated notes

Levels and vault maps discovered:
D:1:      dpeg_arrival_boxes_within_box, layout_basic,
          chequers_serial_rivers_small_a, minmay_misc_feat_columns,
          kennysheep_boxes
D:2:      layout_loops_ring, basic_altar
D:3:      layout_rooms, hellmonk_ecumenical_altar_heavens_door
D:4:      layout_gridville, nicolae_shop_i_like_big_books
D:5:      layout_gridville, kennysheep_little_box,
          minmay_temple_entry_butterflies, chequers_serial_rivers_small_3,
          kennysheep_opposing_triangles

Skill      XL: |  1  2  3  4  5  6 |
---------------+-------------------+-----
Fighting       | 1 2 3 |  3.0
Spellcasting   | 3 4 |  4.3
Dodging        | |  2.1
Stealth        | |  1.5

Action                     |  1- 3 |  4- 6 || total
---------------------------+-------+-------++-------
  Melee: Dagger            |     1 |       ||     1
         Whip              |       |     3 ||     3
   Cast: Magic Dart        |    65 |    98 ||   163
         Call Imp          |     5 |     9 ||    14
 Armour: Robe              |     3 |       ||     3
  Dodge: Dodged            |    13 |     8 ||    21

Table legend: (Time is in decaauts)
 A = Elapsed time spent in this place.
 B = Non-inter-level travel time spent in this place.
 C = Inter-level travel time spent in this place.
 D = Time resting spent in this place.
 E = Time spent auto-exploring this place.
 F = Levels seen in this place.
 G = Mean time per level.
                   A        B        C        D        E       F      G
               +--------+--------+--------+--------+--------+-----+--------+
         Total |   3335 |   3179 |    156 |      0 |   2809 |   5 |  667.0 |
       Dungeon |   3335 |   3179 |    156 |      0 |   2809 |   5 |  667.0 |
               +--------+--------+--------+--------+--------+-----+--------+

Top non-repeatable levels by time:
     D:4: 1042 daAuts
     D:1: 844 daAuts
     D:2: 832 daAuts
     D:3: 528 daAuts
     D:5: 88 daAuts
